 Dungeon Crawl Stone Soup version 0.22-a0-568-g270d1ae (webtiles) character file.

813 royokou the Destroyer (level 7, -3/39 HPs)
             Began as a Deep Elf Conjurer on June 29, 2018.
             Was an Initiate of Sif Muna.
             Killed from afar by a wight (20 damage)
             ... with a wand of acid (7)
             ... on level 6 of the Dungeon.
             The game lasted 00:28:43 (4773 turns).

royokou the Destroyer (Deep Elf Conjurer)           Turns: 4773, Time: 00:28:43

Health: -3/39      AC:  4    Str:  7    XL:     7   Next: 61%
Magic:  2/18       EV: 15    Int: 20    God:    Sif Muna [......]
Gold:   352        SH:  0    Dex: 15    Spells: 9/19 levels left

rFire    . . .     SeeInvis .   n - +3 dagger (protect)
rCold    . . .     Gourm    .   (no shield)
rNeg     . . .     Faith    .   D - +0 ring mail
rPois    +         Spirit   .   (no helmet)
rElec    .         Reflect  .   e - +1 cloak
rCorr    .         Harm     .   C - +0 pair of gloves
MR       .....                  (no boots)
Stlth    ++........             (no amulet)
HPRegen  0.13/turn              o - ring of poison resistance
MPRegen  0.16/turn              r - +4 ring of evasion

@: corroded, very slightly contaminated
A: blink, blurry vision 1, sense surroundings 1
a: Blink, Renounce Religion


You were on level 6 of the Dungeon.
You worshipped Sif Muna.
Sif Muna was noncommittal.
You were not hungry.

You visited 2 branches of the dungeon, and saw 7 of its levels.

You collected 352 gold pieces.

Inventory:

Hand Weapons
 b - a +2 vampiric dagger
 h - a +1 dagger of venom
 n - a +3 dagger of protection (weapon)
 y - a +0 rapier
Armour
 a - a +0 robe
 e - a +1 cloak (worn)
 i - a +0 robe
 j - a +0 cloak
 l - a +0 robe
 t - a +0 pair of gloves
 v - a +0 leather armour
 w - a +0 ring mail
 C - a +0 pair of gloves (worn)
 D - a +0 ring mail (worn)
Jewellery
 o - a ring of poison resistance (left hand)
 r - a +4 ring of evasion (right hand)
Scrolls
 d - 6 scrolls of magic mapping
 f - 4 scrolls of teleportation
 g - 3 scrolls of identify
 p - a scroll of remove curse
 q - 2 scrolls of blinking
Potions
 k - 3 potions of agility
 m - 2 potions of brilliance
 s - a potion of flight
Comestibles
 c - 9 rations


   Skills:
 + Level 1.7 Fighting
 + Level 4.0 Dodging
 - Level 2.4 Stealth
 + Level 6.5 Spellcasting
 * Level 8.2 Conjurations


You had 9 spell levels left.
You knew the following spells:

 Your Spells              Type           Power        Failure   Level  Hunger
a - Magic Dart            Conj           ####         1%          1    None
b - Searing Ray           Conj           #####.       1%          2    None
c - Dazzling Spray        Conj/Hex       ###...       19%         3    #......
d - Iskenderun's Mystic   Conj           #####...     12%         4    ###....

Your spell library contained the following spells:

 Spells                   Type           Power        Failure   Level  Hunger
 Fulminant Prism          Conj/Hex       ###.......   54%         4    ###....
 Force Lance              Conj/Tloc      ###.....     54%         4    ###....


Dungeon Overview and Level Annotations

Branches:
Dungeon (6/15)             Temple (1/1) D:4

Altars:
Ashenzari
Cheibriados
Dithmenos
Fedhas
Gozag
Hepliaklqana
Kikubaaqudgha
Makhleb
Okawaru
Qazlal
Ru
Sif Muna
Trog
Uskayaw
Vehumet
Wu Jian
Xom
Yredelemnul
The Shining One

Annotations:
D:4 3 runed doors, rcreutzb's ghost, amateur GrEE


Innate Abilities, Weirdness & Mutations

You can translocate small distances at will.
Scrolls take you a little longer to read.
You passively map a small area around you.


Message History

Casting: Iskenderun's Mystic Blast (safe; 12% risk of failure)
Confirm with . or Enter, or press ? or * to list all spells.
Aiming: Magic Dart (safe; 1% risk of failure)
Press: ? - help, Shift-Dir - straight line, f/p - wight
Aim: a wight, wielding a mace of freezing, wearing a robe and carrying a wand of acid (8) (heavily damaged)
The magic dart hits the wight.
The wight is almost destroyed.
The wight zaps a wand.
The bolt of acid hits you! The acid corrodes you!
You are splashed with acid!
The acid burns!
A wight comes into view. It is wielding a dagger.
Casting: Magic Dart (safe; 1% risk of failure)
Confirm with . or Enter, or press ? or * to list all spells.
Aiming: Magic Dart (safe; 1% risk of failure)
Press: ? - help, Shift-Dir - straight line, f/p - wight
Aim: a wight, wielding a mace of freezing, wearing a robe and carrying a wand of acid (7) (almost destroyed)
The magic dart hits the wight.
The wight is almost destroyed.
The wight zaps a wand.
The bolt of acid hits you!
Ouch! That really hurt!
You die...

** * * #.#
#.##......... * #.*
#.# #.###...###.# *
* * #. #.# #.####..#
*.# #.###.#
#.......# *.# ,
..##.#######.#.## *
#.##.##.[....#.#
#.##...........# *,
*
####............###
*,
##......@##....>## ,
#.....#..##......# ,
,,
*#.....#..##.#.##.#
#.....#z###...#..#*
*
*##......###.......,
* ##.#.....zz.#.#! .
*, #.#######z..... *
#.# .#z#. #.# * ....
*


You could see a wight.

Vanquished Creatures
  An ice beast (D:5)
  An ogre (D:4)
  3 scorpions
  3 crimson imps (D:5)
  2 hounds
  2 jellies
  A centaur skeleton (D:4)
  2 iguanas
  2 worker ants
  A hound zombie (D:5)
  4 adders
  An ooze (D:4)
  2 worms
  4 dart slugs
  5 leopard geckos
  6 giant cockroaches
  10 goblins
  4 hobgoblins
  8 jackals
  6 kobolds
  3 quokkas
  2 ball pythons
  8 bats
  3 frilled lizards
  2 jackal skeletons
  5 rats
91 creatures vanquished.

Notes
Turn   | Place    | Note
-------+----------+-------------------------------------------
     0 | D:1      | royokou the Deep Elf Conjurer began the quest for the Orb.
     0 | D:1      | Reached XP level 1. HP: 10/10 MP: 6/6
   163 | D:1      | Reached XP level 2. HP: 15/15 MP: 2/8
   214 | D:1      | Learned a level 2 spell: Searing Ray
   345 | D:1      | Reached skill level 5 in Conjurations
   945 | D:2      | Reached XP level 3. HP: 19/19 MP: 5/10
   950 | D:2      | Learned a level 3 spell: Dazzling Spray
  1053 | D:2      | Found an opulent altar of Gozag.
  1463 | D:2      | Found a sacrificial altar of Ru.
  1486 | D:2      | Reached XP level 4. HP: 24/24 MP: 9/12
  1522 | D:2      | Learned a level 4 spell: Iskenderun's Mystic Blast
  2052 | D:3      | Found a shimmering altar of Xom.
  2052 | D:3      | Found a shimmering altar of Xom.
  2052 | D:3      | Found a shimmering altar of Xom.
  2052 | D:3      | Found a shimmering altar of Xom.
  2052 | D:3      | Found a shimmering altar of Xom.
  2211 | D:3      | Reached skill level 6 in Conjurations
  2392 | D:4      | Reached XP level 5. HP: 28/28 MP: 10/14
  2543 | D:4      | Reached skill level 5 in Spellcasting
  2617 | D:4      | Found a runed gate.
  2617 | D:4      | Found a runed gate.
  2620 | D:4      | Noticed rcreutzb's ghost (amateur GrEE)
  2682 | D:4      | Found a runed gate.
  2760 | D:4      | Noticed an ogre
  2765 | D:4      | Killed an ogre
  2765 | D:4      | Reached skill level 7 in Conjurations
  2765 | D:4      | Reached XP level 6. HP: 32/32 MP: 2/16
  2934 | D:4      | Found a staircase to the Ecumenical Temple.
  2940 | Temple   | Entered the Ecumenical Temple
  3039 | Temple   | Became a worshipper of Sif Muna the Loreminder
  3128 | D:4      | Found a radiant altar of Vehumet.
  3621 | D:5      | Entered Level 5 of the Dungeon
  3640 | D:5      | Reached skill level 1 in Fighting
  3814 | D:5      | Reached XP level 7. HP: 38/38 MP: 14/18
  4285 | D:5      | Reached skill level 8 in Conjurations
  4661 | D:5      | Gained mutation: You can translocate small distances at will. [potion of mutation]
  4661 | D:5      | Gained mutation: Scrolls take you a little longer to read. [potion of mutation]
  4661 | D:5      | Gained mutation: You passively map a small area around you. [potion of mutation]
  4773 | D:6      | Killed from afar by a wight

Vault maps used:
D:1:      nzn_arrival_settlement
D:2:      grunt_gozag_statues, nicolae_ru_path_of_blood
D:3:      first_ration, xom_redecorated
D:4:      kennysheep_mini, minmay_temple_entry_enclosed_plants,
          ebering_ghost_rock_garden
D:6:      nicolae_ossuary_entry_ruins, serial_glass, glass_columns_b,
          glass_columns_b, glass_columns_a, glass_columns_a, glass_columns_c,
          glass_columns_b, glass_columns_b, glass_columns_a
Temple:   eino_temple_rhombus

Skill      XL: |  1  2  3  4  5  6  7 |
---------------+----------------------+-----
Conjurations   | 5 6 7 8 |  8.2
Spellcasting   | 4 5 6 |  6.5
Dodging        | 3 4 |  4.0
Fighting       | 1 |  1.7
Stealth        | |  2.4

Action                   |  1- 3 |  4- 6 |  7- 9 || total
-------------------------+-------+-------+-------++-------
Melee: Dagger            |     7 |    18 |    17 ||    42
 Cast: Magic Dart        |    69 |    87 |    43 ||   199
       Dazzling Spray    |       |     1 |       ||     1
       Searing Ray       |       |     5 |     4 ||     9
       Iskenderun's Myst |       |     2 |     3 ||     5
  Use: Scroll            |     2 |     9 |     1 ||    12
       Potion            |     1 |     1 |     5 ||     7
  Eat: Chunk             |     1 |     5 |     3 ||     9
       Ration            |       |     1 |       ||     1
Armor: Robe              |     1 |     4 |       ||     5
       Ring mail         |       |       |    10 ||    10
Dodge: Dodged            |     8 |    13 |    21 ||    42

Table legend:
 A = Spawn XP
 B = Non-spawn XP
 C = Spawn XP percentage of total XP
 D = Spawn monster count
 E = Non-spawn monster count
 F = Spawn count percentage of total count
 G = Total turns spent on level
                    A         B        C        D         E        F      G
               +---------+---------+-------+---------+---------+-------+---------
         Total |       0 |    1162 |   0.0 |       0 |      91 |   0.0 |  4773
               +---------+---------+-------+---------+---------+-------+---------
           D:1 |       0 |      35 |   0.0 |       0 |      19 |   0.0 |   915
           D:2 |       0 |      92 |   0.0 |       0 |      29 |   0.0 |  1010
           D:3 |       0 |      65 |   0.0 |       0 |      12 |   0.0 |   461
           D:4 |       0 |     442 |   0.0 |       0 |      17 |   0.0 |  1119
           D:5 |       0 |     492 |   0.0 |       0 |      13 |   0.0 |  1088
           D:6 |       0 |      36 |   0.0 |       0 |       1 |   0.0 |    64
               +---------+---------+-------+---------+---------+-------+---------
